GULF
FORT MYERS MIRACLES @ TAMPA TWISTERS
06/18/1982
 
TOP OF THE 1ST
Fort Myers Miracles batting - Pitching for Tampa Twisters : RHP Jeffrey Parks
Pitching: RHP Jeffrey Parks
Batting: SHB Ronnie Chapman 0-0: Called Strike
0-1: Ball
1-1: Ball
2-1: Ball
3-1: Base on Balls
Batting: RHB T.J. Stout 0-0: Ball
1-0: Called Strike
1-1: Ball
2-1: Ball
3-1: Foul Ball, location: 2F
3-2: Grounds into double play, 6-4-3 (Groundball, 6, EV 88.1 MPH)
Batting: RHB Bobby Hinson 0-0: Swinging Strike
0-1: Ball
1-1: Swinging Strike
1-2: Ball
2-2: Ball
3-2: Foul Ball, location: 2F
3-2: SINGLE (Flyball, 3D, EV 84.4 MPH)
Batting: LHB Abraham Becerra 0-0: Ball
1-0: Called Strike
Bobby Hinson steals 2nd base
1-1: Ball
2-1: Called Strike
2-2: Ball
3-2: Foul Ball, location: 2F
3-2: Base on Balls
Batting: RHB Galtero Gioacchini 0-0: Called Strike
0-1: Fielders Choice at 2nd, 6-4 (Groundball, 6, EV 83.8 MPH)
Top of the 1st over - 0 runs, 1 hit, 0 errors, 2 left on base; Fort Myers 0 - Tampa 0
BOTTOM OF THE 1ST
Tampa Twisters batting - Pitching for Fort Myers Miracles : RHP Guillermo Luna
Pitching: RHP Guillermo Luna
Batting: LHB John Randolph 0-0: Called Strike
0-1: Ball
1-1: Foul Ball, location: 2F
1-2: Ball
2-2: Fly out, F9 (Flyball, 9LD, EV 89.4 MPH)
Batting: RHB Scott Earl 0-0: Foul Ball, location: 2F
0-1: Ball
1-1: Ground out 5-3 (Groundball, 56S, EV 84.4 MPH)
Batting: RHB Basil Tennell 0-0: Called Strike
0-1: Foul Ball, location: 2F
0-2: Foul Ball, location: 2F
0-2: Foul Ball, location: 2F
0-2: Foul Ball, location: 2F
0-2: Strikes out swinging
Bottom of the 1st over - 0 runs, 0 hits, 0 errors, 0 left on base; Fort Myers 0 - Tampa 0
TOP OF THE 2ND
Fort Myers Miracles batting - Pitching for Tampa Twisters : RHP Jeffrey Parks
Batting: RHB Michael Saccocio 0-0: Foul Ball, location: 2F
0-1: Ball
1-1: SINGLE (Line Drive, 8LS, EV 103.8 MPH)
Batting: LHB Rodney Hodde 0-0: Called Strike
0-1: Grounds into double play, 4-6-3 (Groundball, 4M, EV 80.0 MPH)
Batting: LHB Stacey Pettis 0-0: Called Strike
0-1: Ball
1-1: Ball
2-1: Ball
3-1: Foul Ball, location: 2F
3-2: Fly out, F7 (Flyball, 7LM, EV 87.5 MPH)
Top of the 2nd over - 0 runs, 1 hit, 0 errors, 0 left on base; Fort Myers 0 - Tampa 0
BOTTOM OF THE 2ND
Tampa Twisters batting - Pitching for Fort Myers Miracles : RHP Guillermo Luna
Batting: SHB Jack Daugherty 0-0: Fly out, F8 (Flyball, 8LD, EV 99.4 MPH)
Batting: LHB Alex Castaneda 0-0: Foul Ball, location: 2F
0-1: Ball
1-1: Ball
2-1: Foul Ball, location: 2F
2-2: Ground out 4-3 (Groundball, 4, EV 85.0 MPH)
Batting: RHB Andres Thomas 0-0: Ground out 6-3 (Groundball, 6, EV 77.5 MPH)
Bottom of the 2nd over - 0 runs, 0 hits, 0 errors, 0 left on base; Fort Myers 0 - Tampa 0
TOP OF THE 3RD
Fort Myers Miracles batting - Pitching for Tampa Twisters : RHP Jeffrey Parks
Batting: RHB Rico Escobar 0-0: Foul Ball, location: 2F
0-1: Ball
1-1: Ball
2-1: Ball
3-1: Foul Ball, location: 2F
3-2: Foul Ball, location: 2F
3-2: Base on Balls
Batting: SHB Ronnie Chapman Pickoff Throw to First - Out! 1-3
0-0: Called Strike
0-1: Ball
1-1: Foul Ball, location: 2F
1-2: Ball
2-2: DOUBLE (Flyball, 8RXD, EV 105.0 MPH)
Batting: RHB T.J. Stout 0-0: Called Strike
0-1: Foul Ball, location: 2F
0-2: Foul Ball, location: 2F
0-2: Ball
1-2: Ball
2-2: Foul Ball, location: 2F
2-2: Ball
3-2: Ground out 5-3 (Groundball, 5, EV 78.8 MPH)
Batting: RHB Bobby Hinson 0-0: Ball
1-0: Ball
2-0: Called Strike
2-1: Fly out, F8 (Flyball, 89M, EV 87.5 MPH)
Top of the 3rd over - 0 runs, 1 hit, 0 errors, 1 left on base; Fort Myers 0 - Tampa 0
BOTTOM OF THE 3RD
Tampa Twisters batting - Pitching for Fort Myers Miracles : RHP Guillermo Luna
Batting: RHB Benito Santiago 0-0: Ball
1-0: Ball
2-0: Called Strike
2-1: Ground out 5-3 (Groundball, 56S, EV 90.6 MPH)
Batting: LHB Nellie DeLaRosa 0-0: Ball
1-0: Foul Ball, location: 2F
1-1: Ball
2-1: Called Strike
2-2: Foul Ball, location: 2F
2-2: Foul Ball, location: 2F
2-2: SINGLE (Flyball, 3D, EV 94.4 MPH)
Batting: RHB Nelson Ybarra 0-0: Ball
1-0: Ball
2-0: Ball
3-0: Called Strike
3-1: Base on Balls
Nellie DeLaRosa to second
Batting: LHB John Randolph 0-0: Called Strike
0-1: Foul Ball, location: 2F
0-2: Fly out, F6 (Popup, 6MD, EV 48.8 MPH)
Batting: RHB Scott Earl 0-0: Called Strike
0-1: Ball
1-1: Fly out, F7 (Line Drive, 7D, EV 95.6 MPH)
Bottom of the 3rd over - 0 runs, 1 hit, 0 errors, 2 left on base; Fort Myers 0 - Tampa 0
TOP OF THE 4TH
Fort Myers Miracles batting - Pitching for Tampa Twisters : RHP Jeffrey Parks
Batting: LHB Abraham Becerra 0-0: Called Strike
0-1: Ball
1-1: Foul Ball, location: 2F
1-2: Foul Ball, location: 2F
1-2: Ground out 3-1 (Groundball, 34, EV 107.5 MPH)
Batting: RHB Galtero Gioacchini 0-0: Ball
1-0: DOUBLE (Groundball, 5L, EV 97.5 MPH)
Batting: RHB Michael Saccocio 0-0: SINGLE (Flyball, 34D, EV 91.9 MPH)
Galtero Gioacchini to third
Batting: LHB Rodney Hodde 0-0: Ball
1-0: Ball
2-0: Ball
3-0: Base on Balls
Michael Saccocio to second
Batting: LHB Stacey Pettis 0-0: Ball
1-0: Ball
2-0: Ball
3-0: Base on Balls
Galtero Gioacchini scores
Michael Saccocio to third
Rodney Hodde to second
Batting: RHB Rico Escobar 0-0: Ball
1-0: Ball
2-0: Swinging Strike
2-1: Ball
3-1: Called Strike
3-2: Strikes out looking
Batting: SHB Ronnie Chapman 0-0: Ball
1-0: Ball
2-0: Ball
3-0: Base on Balls
Michael Saccocio scores
Rodney Hodde to third
Stacey Pettis to second
Batting: RHB T.J. Stout 0-0: Fly out, F9 (Line Drive, 9, EV 88.1 MPH)
Top of the 4th over - 2 runs, 2 hits, 0 errors, 3 left on base; Fort Myers 2 - Tampa 0
BOTTOM OF THE 4TH
Tampa Twisters batting - Pitching for Fort Myers Miracles : RHP Guillermo Luna
Batting: RHB Basil Tennell 0-0: Ball
1-0: Called Strike
1-1: Ball
2-1: Ball
3-1: DOUBLE (Line Drive, 7LS, EV 99.4 MPH)
Batting: SHB Jack Daugherty 0-0: Foul Ball, location: 2F
0-1: Fly out, F7 (Flyball, 7S, EV 90.0 MPH)
Batting: LHB Alex Castaneda 0-0: Called Strike
0-1: Fly out, F8 (Line Drive, 8RM, EV 98.8 MPH)
Batting: RHB Andres Thomas 0-0: SINGLE (Groundball, 34D, EV 96.3 MPH)
Basil Tennell to third
Runner from 3rd tries for Home, SAFE, throw by RF to home
Batting: RHB Benito Santiago 0-0: Ball
1-0: Fly out, F7 (Flyball, 7D, EV 93.1 MPH)
Bottom of the 4th over - 1 run, 2 hits, 0 errors, 1 left on base; Fort Myers 2 - Tampa 1
TOP OF THE 5TH
Fort Myers Miracles batting - Pitching for Tampa Twisters : RHP Jeffrey Parks
Batting: RHB Bobby Hinson 0-0: Ball
1-0: Ball
2-0: Ball
3-0: Called Strike
3-1: Called Strike
3-2: Foul Ball, location: 2F
3-2: SINGLE (Groundball, 6MD, EV 102.5 MPH)
Batting: LHB Abraham Becerra 0-0: Ball
Wild Pitch!
Bobby Hinson to second
1-0: Ground out 4-3 (Groundball, 4S, EV 85.6 MPH)
Bobby Hinson to third
Batting: RHB Galtero Gioacchini 0-0: Ball
1-0: Ball
2-0: Ball
3-0: Called Strike
3-1: Foul Ball, location: 2F
3-2: Foul Ball, location: 2F
3-2: Ground out U3 (Groundball, 3, EV 106.3 MPH)
Batting: RHB Michael Saccocio 0-0: Called Strike
0-1: Ball
1-1: Fly out, F6 (Line Drive, 6, EV 68.1 MPH)
Top of the 5th over - 0 runs, 1 hit, 0 errors, 1 left on base; Fort Myers 2 - Tampa 1
BOTTOM OF THE 5TH
Tampa Twisters batting - Pitching for Fort Myers Miracles : RHP Guillermo Luna
Batting: LHB Nellie DeLaRosa 0-0: Swinging Strike
0-1: Foul Ball, location: 2F
0-2: Ground out 4-3 (Groundball, 4, EV 90.6 MPH)
Batting: RHB Nelson Ybarra 0-0: Called Strike
0-1: Fly out, F9 (Line Drive, 9, EV 106.3 MPH)
Batting: LHB John Randolph 0-0: Foul Ball, location: 2F
0-1: Fly out, F7 (Flyball, 7S, EV 94.4 MPH)
Bottom of the 5th over - 0 runs, 0 hits, 0 errors, 0 left on base; Fort Myers 2 - Tampa 1
TOP OF THE 6TH
Fort Myers Miracles batting - Pitching for Tampa Twisters : RHP Jeffrey Parks
Batting: LHB Rodney Hodde 0-0: SINGLE (Line Drive, 34D, EV 94.4 MPH)
Batting: LHB Stacey Pettis 0-0: Swinging Strike
0-1: Ball
1-1: Fielders Choice at 2nd, 1-6 (Groundball, 34S, EV 68.1 MPH)
Batting: RHB Rico Escobar 0-0: Ball
Stacey Pettis steals 2nd base (no throw)
1-0: Ball
Stacey Pettis is caught stealing 3rd base 2-5
2-0: Ball
3-0: Called Strike
3-1: Reached via error on a dropped throw from 1B, E1 (Groundball, 34S, EV 89.4 MPH)
Batting: SHB Ronnie Chapman 0-0: Ball
Wild Pitch!
Rico Escobar to second
1-0: Ball
2-0: Ball
3-0: Called Strike
3-1: Foul Ball, location: 2F
3-2: Ground out 3-1 (Groundball, 34, EV 98.8 MPH)
Top of the 6th over - 0 runs, 1 hit, 1 error, 1 left on base; Fort Myers 2 - Tampa 1
BOTTOM OF THE 6TH
Tampa Twisters batting - Pitching for Fort Myers Miracles : RHP Guillermo Luna
Batting: RHB Scott Earl 0-0: Ball
1-0: SINGLE (Groundball, 23, EV 65.0 MPH) (infield hit)
Batting: RHB Basil Tennell 0-0: Ball
Scott Earl steals 2nd base
1-0: Ball
2-0: Swinging Strike
2-1: Foul Ball, location: 2F
2-2: Ball
3-2: Strikes out swinging
Batting: SHB Jack Daugherty 0-0: Called Strike
0-1: Fly out, F7 (Flyball, 7S, EV 84.4 MPH)
Batting: LHB Alex Castaneda 0-0: Ball
1-0: Fly out, F8 (Flyball, 89D, EV 91.9 MPH)
Bottom of the 6th over - 0 runs, 1 hit, 0 errors, 1 left on base; Fort Myers 2 - Tampa 1
TOP OF THE 7TH
Fort Myers Miracles batting - Pitching for Tampa Twisters : RHP Jeffrey Parks
Batting: RHB T.J. Stout 0-0: Foul Ball, location: 2F
0-1: Foul Ball, location: 2F
0-2: Strikes out looking
Batting: RHB Bobby Hinson 0-0: Ball
1-0: Ground out 4-3 (Groundball, 4, EV 98.1 MPH)
Batting: LHB Abraham Becerra 0-0: Ball
1-0: Ball
2-0: Fly out, F6 (Popup, 6D, EV 63.8 MPH)
Top of the 7th over - 0 runs, 0 hits, 0 errors, 0 left on base; Fort Myers 2 - Tampa 1
BOTTOM OF THE 7TH
Tampa Twisters batting - Pitching for Fort Myers Miracles : RHP Guillermo Luna
Batting: RHB Andres Thomas 0-0: Foul Ball, location: 2F
0-1: Ball
1-1: Foul Ball, location: 2F
1-2: Strikes out swinging
Batting: RHB Benito Santiago 0-0: Ball
1-0: Fly out, F8 (Flyball, 8LXD, EV 88.8 MPH)
Batting: LHB Nellie DeLaRosa 0-0: Called Strike
0-1: Ball
1-1: Called Strike
1-2: Foul Ball, location: 2F
1-2: Ball
2-2: Ground out 4-3 (Groundball, 4, EV 85.6 MPH)
Bottom of the 7th over - 0 runs, 0 hits, 0 errors, 0 left on base; Fort Myers 2 - Tampa 1
TOP OF THE 8TH
Fort Myers Miracles batting - Pitching for Tampa Twisters : RHP Jeffrey Parks
Pitching: RHP Kevin Gordon
Batting: RHB Galtero Gioacchini 0-0: Ball
1-0: Foul Ball, location: 2F
1-1: Ball
2-1: Ball
3-1: Ground out 6-3 (Groundball, 6D, EV 104.4 MPH)
Batting: RHB Michael Saccocio 0-0: Called Strike
0-1: Ball
1-1: Called Strike
1-2: Foul Ball, location: 2F
1-2: Strikes out swinging
Batting: LHB Rodney Hodde 0-0: Ball
1-0: Ball
2-0: Called Strike
2-1: Swinging Strike
2-2: Ball
3-2: Foul Ball, location: 2F
3-2: Base on Balls
Batting: LHB Stacey Pettis 0-0: Ball
1-0: Called Strike
1-1: Swinging Strike
1-2: Foul Ball, location: 2F
1-2: Foul Ball, location: 2F
1-2: Foul Ball, location: 2F
1-2: Strikes out swinging
Top of the 8th over - 0 runs, 0 hits, 0 errors, 1 left on base; Fort Myers 2 - Tampa 1
BOTTOM OF THE 8TH
Tampa Twisters batting - Pitching for Fort Myers Miracles : RHP Guillermo Luna
Batting: RHB Nelson Ybarra 0-0: Called Strike
0-1: Ball
1-1: Swinging Strike
1-2: Ball
2-2: Strikes out looking
Batting: LHB John Randolph 0-0: Ball
1-0: Called Strike
1-1: Ball
2-1: DOUBLE (Line Drive, 8RXD, EV 103.8 MPH)
Batting: RHB Scott Earl 0-0: Ball
1-0: Ball
2-0: Called Strike
2-1: Swinging Strike
2-2: Foul Ball, location: 2F
2-2: Ball
3-2: Fly out, F8 (Flyball, 8RXD, EV 103.8 MPH)
Runner from 2nd tags up, SAFE at 3rd, no throw by CF
Pitching: LHP Luis Santos
Batting: RHB Basil Tennell 0-0: Ball
1-0: Called Strike
1-1: Ball
2-1: Ball
3-1: Called Strike
3-2: Foul Ball, location: 2F
3-2: Foul Ball, location: 2F
3-2: Base on Balls
Pinch Hitting: RHB Jim Olander 0-0: Ball
1-0: Ball
2-0: Called Strike
2-1: SINGLE (Line Drive, 8LS, EV 107.5 MPH)
John Randolph scores
Basil Tennell to second
Runner from 2nd tries for 3rd, SAFE, no throw by CF
Batting: LHB Alex Castaneda 0-0: Ball
1-0: Swinging Strike
1-1: Ball
2-1: Foul Ball, location: 2F
2-2: SINGLE (Groundball, 3D, EV 103.8 MPH)
Basil Tennell scores
Jim Olander to second
Runner from 2nd tries for 3rd, SAFE, throw by RF made to third
Batting: RHB Andres Thomas 0-0: Called Strike
0-1: Foul Ball, location: 2F
0-2: Fly out, F8 (Flyball, 8RM, EV 94.4 MPH)
Bottom of the 8th over - 2 runs, 3 hits, 0 errors, 2 left on base; Fort Myers 2 - Tampa 3
TOP OF THE 9TH
Fort Myers Miracles batting - Pitching for Tampa Twisters : RHP Kevin Gordon
Pitching: RHP Dave Harman
Now at 1B: Willie Ward
Now in RF: Jordan Berge
Pinch Hitting: LHB Gary Weinberger 0-0: Ball
1-0: Fly out, F9 (Flyball, 9D, EV 87.5 MPH)
Batting: SHB Ronnie Chapman 0-0: Ball
1-0: Called Strike
1-1: Ball
2-1: Ground out 5-3 (Groundball, 5, EV 81.3 MPH)
Batting: RHB T.J. Stout 0-0: Called Strike
0-1: Ball
1-1: Swinging Strike
1-2: Ball
2-2: Ball
3-2: SINGLE (Line Drive, 78S, EV 106.3 MPH)
Batting: RHB Bobby Hinson 0-0: Called Strike
0-1: Ball
1-1: Ball
2-1: Fly out, F9 (Flyball, 9, EV 79.4 MPH)
Top of the 9th over - 0 runs, 1 hit, 0 errors, 1 left on base; Fort Myers 2 - Tampa 3
Friday, August 7th, 2020 - OOTP Baseball 21.5 Build 76